 Dungeon Crawl Stone Soup version 0.28-a0-750-g7c675f85b1 (webtiles) character file.

Game seed: 3481314164643744515

2 ytrimaz the Ducker (level 1, 0/16 HPs)
             Began as a Demonspawn Gladiator on Oct 29, 2021.
             Slain by a kobold (7 damage)
             ... on level 1 of the Dungeon.
             The game lasted 00:00:14 (122 turns).

ytrimaz the Ducker (Demonspawn Gladiator)            Turns: 122, Time: 00:00:14

Health: 0/16       AC:  4    Str: 14    XL:     1   Next: 25%
Magic:  1/1        EV: 12    Int:  9    God:
Gold:   4          SH:  0    Dex: 14    Spells: 0/0 levels left

rFire   . . .      SeeInvis .   a - +0 war axe
rCold   . . .      Faith    .   (no shield)
rNeg    . . .      Spirit   .   b - +0 leather armour
rPois   .          Reflect  .   c - +0 helmet
rElec   .          Harm     .   (no cloak)
rCorr   .          Rampage  .   (no gloves)
Will    .....                   (no boots)
Stlth   +.........              (no amulet)
HPRegen 0.05/turn               (no ring)
MPRegen 0.07/turn               (no ring)

@: no status effects
A: no striking features
a: no special abilities


You were on level 1 of the Dungeon.
You visited 1 branch of the dungeon, and saw 1 of its levels.

You collected 4 gold pieces.

Inventory:

Hand Weapons
 a - a +0 war axe (weapon)
Missiles
 d - 3 throwing nets (quivered)
Armour
 b - a +0 leather armour (worn)
 c - a +0 helmet (worn)
Scrolls
 e - a scroll of teleportation {unknown}
Potions
 f - a potion of might {unknown}


   Skills:
 + Level 2.0 Fighting
 + Level 2.7 Axes
 - Level 1.7 Throwing
 * Level 0.1 Armour
 + Level 2.7 Dodging


You couldn't memorise any spells.
You didn't know any spells.
Your spell library was empty.

Dungeon Overview and Level Annotations

Branches:
Dungeon (1/15)

Altars:


Message History

Found a staircase leading out of the dungeon.
e - a scroll labelled XOKEKHL NAITHRO
Found a stone staircase leading down.
f - a silvery potion You now have 4 gold pieces.
Found a stone staircase leading down.
Found 24 arrows.
You see here 24 arrows.
Found an escape hatch in the floor.
There is an escape hatch in the floor here.
A kobold comes into view. It is wielding a +0 dagger.
A kobold is nearby!
A kobold is nearby!
You hit the kobold.
The kobold is moderately wounded.
The kobold hits you but does no damage.
You slash the kobold!
You kill the kobold!
You see here a +0 dagger.
Found a hand axe.
You see here a +0 hand axe.
A frilled lizard comes into view.
The frilled lizard hisses angrily.
A frilled lizard is nearby!
A frilled lizard is nearby!
There is a stone staircase leading down here.
The frilled lizard bites you.
You completely miss the frilled lizard. The frilled lizard bites you.
You slash the frilled lizard!
You kill the frilled lizard!
A kobold comes into view.
It is wielding a +4 short sword of electrocution.
A kobold is nearby!
The kobold hits you with a +4 short sword of electrocution.
You barely miss the kobold.
The kobold hits you with a +4 short sword of electrocution.
You hit the kobold.
The kobold is heavily wounded.
The kobold hits you with a +4 short sword of electrocution.
The kobold hits you with a +4 short sword of electrocution!
You die...

#.# ####.###.........#
#.# #........#######...
#.####.######.# #...##.#
#.# ##.#.##.######>#
####.....#####.#
...#.....#...#.#
.⌠.#.....#.⌠.#.#######..
...#.....#...#..@K.....#
####.....######.##.##.##
..............#.# #
..............#.#
......<..........
..............##.
..............# .#
####.....###### ..
...#.....#...#


You could see a kobold.

Vanquished Creatures
  A kobold (D:1)
  A frilled lizard (D:1)
2 creatures vanquished.

Notes
Turn   | Place    | Note
-------+----------+-------------------------------------------
     0 | D:1      | ytrimaz the Demonspawn Gladiator began the quest for the
                  | Orb.
     0 | D:1      | Reached XP level 1. HP: 16/16 MP: 1/1
   122 | D:1      | Slain by a kobold

Illustrated notes

Levels and vault maps discovered:
D:1:      minmay_arrival_glassed_features, layout_loops_ring, serial_shops,
          nicolae_shop_waterfront,
          dreamdust_ecumenical_altar_hidden_monk_grotto, minmay_fountain_box

Action                   || total
-------------------------++-------
Melee: War axe           ||     6
Armor: Leather armour    ||     1

Table legend: (Time is in decaauts)
 A = Elapsed time spent in this place.
 B = Non-inter-level travel time spent in this place.
 C = Inter-level travel time spent in this place.
 D = Time resting spent in this place.
 E = Time spent auto-exploring this place.
 F = Levels seen in this place.
 G = Mean time per level.
                   A        B        C        D        E       F      G
               +--------+--------+--------+--------+--------+-----+--------+
         Total |    123 |    123 |      0 |      0 |     89 |   1 |  123.0 |
       Dungeon |    123 |    123 |      0 |      0 |     89 |   1 |  123.0 |
               +--------+--------+--------+--------+--------+-----+--------+

Top non-repeatable levels by time:
     D:1: 123 daAuts
